[ AOE2 MATCH · #505693167 ]
UnrankedHindustanis vs Persians
Player's team · WIN
Rival team · LOSS
[ REPLAY ANALYSIS · EXTRACTED FROM THE RECORDED GAME ]
Feudal
11:24
Castle
16:13
Imperial
—
| APM avg | 50.6 |
| APM peak | 100 |
| eAPM avg | 28.6 |
| Villagers / military | 114 / 50 |
Focus
⚔️ 42.7% · 🌾 57.3%
Ghulam ×44 · Monk ×6
Feudal
9:43
Castle
24:55
Imperial
—
| APM avg | 92.6 |
| APM peak | 145 |
| eAPM avg | 43.4 |
| Villagers / military | 72 / 36 |
Focus
⚔️ 60.2% · 🌾 39.8%
Archer ×12 · Knight ×11 · Militia ×8 · Monk ×4 · Spearman ×1
Match map
Initial resources + every placement click. Lines = walls · curves = elevation contours. ◆ gold · ⬟ stone · ● berries · ✦ relic · ◌ wall gap
Your base· Open — 5t gap
DolunaK's base· ✓ Closed at 24:55 · 37t walls · 4 gate(s)
Smoothed initial terrain · ◌ = detected wall gap · hover for details
Inputs per minute
— Mariann - - DolunaK
Build order — Mariann
First 150 of 289 actions detected
| 0:00 | Create | Villager (Male) |
| 0:01 | Build | House |
| 0:05 | Build | House |
| 0:08 | Create | Villager (Male) |
| 0:09 | Create | Villager (Male) |
| 0:21 | Create | Villager (Male) |
| 1:13 | Create | Villager (Male) |
| 1:31 | Create | Villager (Male) |
| 1:59 | Create | Villager (Male) |
| 2:11 | Build | Mill |
| 2:19 | Create | Villager (Male) |
| 2:49 | Create | Villager (Male) |
| 3:04 | Build | Lumber Camp |
| 3:32 | Build | Palisade Wall |
| 3:34 | Create | Villager (Male) |
| 3:57 | Build | House |
| 4:03 | Create | Villager (Male) |
| 4:04 | Create | Villager (Male) |
| 4:25 | Build | House |
| 4:35 | Research | Loom |
| 4:37 | Create | Villager (Male) |
| 5:01 | Create | Villager (Male) |
| 5:25 | Create | Villager (Male) |
| 6:12 | Create | Villager (Male) |
| 6:37 | Build | Mill |
| 6:39 | Create | Villager (Male) |
| 6:51 | Build | Mill |
| 7:03 | Create | Villager (Male) |
| 7:03 | Create | Villager (Male) |
| 7:27 | Create | Villager (Male) |
| 7:41 | Build | Mining Camp |
| 8:16 | Create | Villager (Male) |
| 8:16 | Create | Villager (Male) |
| 8:41 | Create | Villager (Male) |
| 8:49 | Build | House |
| 8:53 | Research | Feudal Age |
| 8:59 | Build | Mining Camp |
| 9:39 | Create | Villager (Male) |
| 9:39 | Create | Villager (Male) |
| 9:44 | Build | Palisade Wall |
| 9:45 | Build | Palisade Wall |
| 9:45 | Build | Palisade Wall |
| 9:53 | Build | Palisade Wall |
| 9:54 | Build | Palisade Wall |
| 9:54 | Build | Palisade Wall |
| 9:58 | Build | Palisade Wall |
| 10:05 | Build | Palisade Wall |
| 10:06 | Build | Palisade Wall |
| 10:06 | Build | Palisade Wall |
| 10:07 | Build | Palisade Wall |
| 10:07 | Build | Palisade Wall |
| 10:11 | Build | Palisade Wall |
| 10:15 | Build | Palisade Wall |
| 10:15 | Build | Palisade Wall |
| 10:16 | Build | Palisade Wall |
| 10:16 | Build | Palisade Wall |
| 10:46 | Build | Palisade Wall |
| 10:47 | Build | Palisade Wall |
| 10:48 | Build | Palisade Wall |
| 10:52 | Build | Palisade Wall |
| 10:55 | Build | Palisade Wall |
| 10:58 | Build | House |
| 11:06 | Build | Palisade Wall |
| 11:24 | Age | Feudal Age |
| 11:42 | Build | Watch Tower |
| 11:50 | Build | Palisade Wall |
| 12:04 | Build | Palisade Gate |
| 12:16 | Build | Market |
| 12:59 | Build | Blacksmith |
| 13:07 | Build | Stone Wall |
| 13:17 | Build | Palisade Wall |
| 13:18 | Build | Palisade Wall |
| 13:33 | Research | Castle Age |
| 13:39 | Build | Stone Wall |
| 13:40 | Build | Stone Wall |
| 13:53 | Build | Stone Wall |
| 16:13 | Age | Castle Age |
| 16:15 | Build | Castle |
| 17:14 | Build | Mill |
| 17:39 | Create | Ghulam |
| 17:39 | Create | Ghulam |
| 17:40 | Create | Ghulam |
| 17:41 | Create | Ghulam |
| 17:47 | Build | Farm |
| 17:48 | Build | Farm |
| 17:49 | Build | Farm |
| 18:06 | Create | Ghulam |
| 18:07 | Create | Ghulam |
| 18:31 | Create | Villager (Male) |
| 18:46 | Create | Ghulam |
| 19:09 | Create | Ghulam |
| 19:11 | Create | Villager (Male) |
| 19:23 | Create | Ghulam |
| 19:37 | Create | Ghulam |
| 19:38 | Create | Villager (Male) |
| 19:54 | Create | Ghulam |
| 20:01 | Create | Villager (Male) |
| 20:03 | Create | Ghulam |
| 20:13 | Create | Ghulam |
| 20:14 | Create | Ghulam |
| 20:35 | Create | Ghulam |
| 20:45 | Research | Scale Mail Armor |
| 20:46 | Research | Scale Mail Armor |
| 20:57 | Create | Villager (Male) |
| 20:58 | Create | Ghulam |
| 21:03 | Build | Farm |
| 21:24 | Create | Villager (Male) |
| 21:26 | Build | Farm |
| 21:29 | Create | Ghulam |
| 21:30 | Create | Villager (Male) |
| 21:42 | Create | Ghulam |
| 21:42 | Create | Ghulam |
| 21:55 | Create | Villager (Male) |
| 22:03 | Create | Ghulam |
| 22:18 | Create | Villager (Male) |
| 22:19 | Create | Ghulam |
| 22:20 | Build | Farm |
| 22:32 | Create | Ghulam |
| 22:38 | Create | Villager (Male) |
| 22:56 | Build | House |
| 23:06 | Create | Ghulam |
| 23:10 | Create | Ghulam |
| 23:24 | Build | Mining Camp |
| 23:29 | Create | Ghulam |
| 23:29 | Create | Ghulam |
| 23:41 | Create | Ghulam |
| 23:52 | Build | Farm |
| 23:59 | Create | Ghulam |
| 24:09 | Create | Villager (Male) |
| 24:11 | Research | Double-Bit Axe |
| 24:29 | Create | Ghulam |
| 24:36 | Create | Ghulam |
| 24:50 | Create | Ghulam |
| 24:51 | Create | Villager (Male) |
| 24:55 | Build | Farm |
| 24:58 | Build | Farm |
| 24:59 | Create | Ghulam |
| 25:13 | Create | Villager (Male) |
| 25:24 | Build | Monastery |
| 25:34 | Create | Villager (Male) |
| 26:11 | Create | Monk |
| 26:12 | Create | Villager (Male) |
| 26:14 | Build | House |
| 26:45 | Create | Villager (Male) |
| 26:46 | Create | Monk |
| 27:03 | Create | Villager (Male) |
| 27:03 | Create | Ghulam |
| 27:09 | Create | Monk |
| 27:19 | Create | Villager (Male) |
| 27:34 | Create | Villager (Male) |
Build order — DolunaK
First 150 of 218 actions detected
| 0:00 | Create | Villager (Male) |
| 0:00 | Create | Villager (Male) |
| 0:00 | Create | Villager (Male) |
| 0:01 | Build | House |
| 0:03 | Build | House |
| 0:05 | Create | Villager (Male) |
| 0:05 | Create | Villager (Male) |
| 0:38 | Build | Barracks |
| 1:28 | Create | Villager (Male) |
| 1:42 | Create | Militia |
| 1:42 | Create | Militia |
| 1:58 | Create | Villager (Male) |
| 2:20 | Create | Villager (Male) |
| 2:31 | Create | Militia |
| 2:38 | Build | House |
| 2:43 | Create | Villager (Male) |
| 3:09 | Create | Villager (Male) |
| 3:09 | Create | Villager (Male) |
| 3:24 | Create | Villager (Male) |
| 3:50 | Create | Villager (Male) |
| 4:05 | Build | House |
| 4:29 | Create | Villager (Male) |
| 4:29 | Create | Villager (Male) |
| 4:35 | Create | Villager (Male) |
| 4:35 | Create | Villager (Male) |
| 4:37 | Create | Villager (Male) |
| 5:04 | Create | Villager (Male) |
| 5:17 | Create | Villager (Male) |
| 5:18 | Create | Villager (Male) |
| 6:03 | Build | Lumber Camp |
| 6:45 | Research | Loom |
| 7:34 | Research | Feudal Age |
| 7:38 | Build | Mill |
| 8:17 | Build | House |
| 8:24 | Create | Villager (Male) |
| 8:30 | Build | Mining Camp |
| 8:47 | Build | House |
| 8:53 | Create | Militia |
| 9:04 | Build | Mill |
| 9:15 | Create | Militia |
| 9:43 | Age | Feudal Age |
| 10:00 | Research | Man-at-Arms (upgrade) |
| 10:01 | Create | Villager (Male) |
| 10:09 | Build | Archery Range |
| 10:21 | Create | Villager (Male) |
| 10:22 | Build | Farm |
| 10:44 | Create | Villager (Male) |
| 10:47 | Build | House |
| 11:15 | Create | Villager (Male) |
| 11:16 | Create | Villager (Male) |
| 11:27 | Create | Archer |
| 11:27 | Create | Archer |
| 11:29 | Build | Farm |
| 11:37 | Create | Archer |
| 11:44 | Build | Farm |
| 11:59 | Create | Villager (Male) |
| 12:11 | Research | Double-Bit Axe |
| 12:27 | Create | Villager (Male) |
| 12:38 | Build | Watch Tower |
| 12:42 | Create | Archer |
| 12:47 | Create | Spearman |
| 12:52 | Build | Farm |
| 12:55 | Create | Villager (Male) |
| 12:57 | Build | Farm |
| 13:00 | Build | Blacksmith |
| 13:29 | Build | Watch Tower |
| 13:33 | Create | Villager (Male) |
| 13:39 | Build | Mining Camp |
| 13:49 | Create | Villager (Male) |
| 13:50 | Create | Archer |
| 13:51 | Create | Archer |
| 13:51 | Create | Archer |
| 13:53 | Build | House |
| 13:55 | Research | Town Watch |
| 13:55 | Research | Town Watch |
| 14:22 | Create | Villager (Male) |
| 14:23 | Create | Villager (Male) |
| 14:27 | Research | Fletching |
| 14:27 | Research | Fletching |
| 14:30 | Build | House |
| 14:31 | Build | Palisade Gate |
| 14:32 | Build | House |
| 14:48 | Create | Villager (Male) |
| 14:48 | Create | Villager (Male) |
| 14:58 | Create | Villager (Male) |
| 14:59 | Create | Villager (Male) |
| 15:02 | Build | Farm |
| 15:04 | Build | Farm |
| 15:19 | Build | Watch Tower |
| 15:25 | Create | Villager (Male) |
| 15:25 | Create | Villager (Male) |
| 15:29 | Build | Farm |
| 15:31 | Build | House |
| 16:05 | Create | Archer |
| 16:05 | Create | Archer |
| 16:07 | Build | House |
| 16:25 | Create | Villager (Male) |
| 16:26 | Create | Archer |
| 16:27 | Build | Farm |
| 16:56 | Create | Villager (Male) |
| 17:05 | Create | Villager (Male) |
| 17:08 | Build | Farm |
| 17:16 | Create | Archer |
| 17:19 | Build | House |
| 17:24 | Build | Stone Wall |
| 17:30 | Build | House |
| 17:32 | Build | House |
| 17:48 | Build | House |
| 17:51 | Create | Villager (Male) |
| 18:00 | Build | Stone Wall |
| 18:14 | Create | Militia |
| 18:14 | Create | Militia |
| 18:22 | Build | Stone Wall |
| 18:22 | Create | Villager (Male) |
| 18:24 | Build | Farm |
| 18:39 | Create | Villager (Male) |
| 18:40 | Create | Militia |
| 18:44 | Build | House |
| 19:06 | Create | Villager (Male) |
| 19:19 | Build | Stone Wall |
| 19:26 | Create | Villager (Male) |
| 19:36 | Create | Villager (Male) |
| 19:40 | Build | Farm |
| 19:53 | Create | Archer |
| 19:58 | Build | Palisade Gate |
| 20:00 | Build | House |
| 20:09 | Create | Villager (Male) |
| 20:09 | Create | Villager (Male) |
| 20:10 | Build | Market |
| 20:14 | Build | Palisade Wall |
| 20:19 | Create | Villager (Male) |
| 20:20 | Build | Farm |
| 20:31 | Build | House |
| 20:32 | Build | House |
| 20:34 | Create | Villager (Male) |
| 20:54 | Build | Gate |
| 21:04 | Create | Villager (Male) |
| 21:17 | Build | Stone Wall |
| 21:25 | Build | House |
| 21:25 | Build | House |
| 21:26 | Build | House |
| 21:31 | Create | Villager (Male) |
| 21:33 | Build | Farm |
| 21:54 | Create | Villager (Male) |
| 22:00 | Build | Farm |
| 22:06 | Build | House |
| 22:13 | Build | Farm |
| 22:18 | Build | House |
| 22:29 | Research | Castle Age |
| 22:42 | Build | House |
Match timeline
| 0:38 | DolunaK · first_building Barracks |
| 3:32 | Mariann · wall_segment Palisade Wall x1 |
| 9:43 | DolunaK · age_up feudal |
| 9:44 | Mariann · wall_segment Palisade Wall x1 |
| 9:45 | Mariann · wall_segment Palisade Wall x1 |
| 9:45 | Mariann · wall_segment Palisade Wall x1 |
| 9:53 | Mariann · wall_segment Palisade Wall x1 |
| 9:54 | Mariann · wall_segment Palisade Wall x1 |
| 9:54 | Mariann · wall_segment Palisade Wall x1 |
| 9:58 | Mariann · wall_segment Palisade Wall x1 |
| 10:05 | Mariann · wall_segment Palisade Wall x1 |
| 10:06 | Mariann · wall_segment Palisade Wall x1 |
| 10:06 | Mariann · wall_segment Palisade Wall x1 |
| 10:07 | Mariann · wall_segment Palisade Wall x1 |
| 10:07 | Mariann · wall_segment Palisade Wall x1 |
| 10:09 | DolunaK · first_building Archery Range |
| 10:11 | Mariann · wall_segment Palisade Wall x1 |
| 10:15 | Mariann · wall_segment Palisade Wall x1 |
| 10:15 | Mariann · wall_segment Palisade Wall x1 |
| 10:16 | Mariann · wall_segment Palisade Wall x1 |
| 10:16 | Mariann · wall_segment Palisade Wall x1 |
| 10:46 | Mariann · wall_segment Palisade Wall x1 |
| 10:47 | Mariann · wall_segment Palisade Wall x1 |
| 10:48 | Mariann · wall_segment Palisade Wall x1 |
| 10:52 | Mariann · wall_segment Palisade Wall x1 |
| 10:55 | Mariann · wall_segment Palisade Wall x1 |
| 11:06 | Mariann · wall_segment Palisade Wall x1 |
| 11:24 | Mariann · age_up feudal |
| 11:50 | Mariann · wall_segment Palisade Wall x1 |
| 13:07 | Mariann · wall_segment Stone Wall x1 |
| 13:17 | Mariann · wall_segment Palisade Wall x1 |
| 13:18 | Mariann · wall_segment Palisade Wall x1 |
| 13:24 | Mariann · first_market_sell 100 stone |
| 13:39 | Mariann · wall_segment Stone Wall x1 |
| 13:40 | Mariann · wall_segment Stone Wall x1 |
| 13:53 | Mariann · wall_segment Stone Wall x1 |
| 16:13 | Mariann · age_up castle |
| 16:15 | Mariann · first_building Castle |
| 17:24 | DolunaK · wall_segment Stone Wall x10 |
| 18:00 | DolunaK · wall_segment Stone Wall x7 |
| 18:22 | DolunaK · wall_segment Stone Wall x6 |
| 19:19 | DolunaK · wall_segment Stone Wall x8 |
| 20:14 | DolunaK · wall_segment Palisade Wall x7 |
| 20:59 | DolunaK · first_market_sell 100 wood |
| 21:17 | DolunaK · wall_segment Stone Wall x1 |
| 21:28 | Mariann · first_market_buy 100 food |
| 22:29 | DolunaK · first_market_buy 100 food |
| 23:27 | DolunaK · first_building Stable |
| 24:05 | DolunaK · wall_segment Palisade Wall x1 |
| 24:55 | DolunaK · age_up castle |
| 25:03 | DolunaK · first_building Monastery |
| 25:13 | DolunaK · wall_segment Stone Wall x1 |
| 25:24 | Mariann · first_building Monastery |
| 26:37 | DolunaK · wall_segment Palisade Wall x1 |
| 29:24 | DolunaK · wall_segment Stone Wall x5 |
| 33:42 | Mariann · wall_segment Stone Wall x4 |
| 34:44 | Mariann · wall_segment Stone Wall x6 |
| 35:20 | Mariann · wall_segment Stone Wall x1 |
| 35:38 | Mariann · wall_segment Stone Wall x1 |
| 36:49 | DolunaK · resign |
[ AI ANALYSIS · 1 CREDIT ]
What really happened in this match?
Wolo.gg analyzes every decision: build order, eco, micro, common mistakes by bracket. Personalized analysis on WhatsApp or Discord in 30 seconds.
Civ guide
Hindustanis
Perfil
Mariann